cohdb
Replays
Latest Replays
All Replays
Popular Replays
Top Player Replays
Match Explorer
How It Works
Community
CoH3 Stats
Reddit
Sign in to upload your games and track your stats! →
Sign in with Steam
Match 33123612
Unlisted
Match 33123612
Overview
Messages
Build Orders
End
Construct Barracks
Riflemen Squad
Riflemen Squad
Riflemen Squad
Grenade Package
Selects Advanced Infantry Battlegroup
Selects Convert to Ranger Squad
Convert to Ranger Squad
Infantry Support Center
Selects Frontline Medical Station
Frontline Medical Station
Convert to Ranger Squad
Riflemen Squad
Advanced Logistics
Convert to Ranger Squad
Munitions Surplus
Engineer Squad
Selects Ranger Weapon Training
Riflemen Squad
Bruistablet
nav97ng
jim dangle
BIGDOC500000
Dominoxan
mr. 56
Arina Grene
sm0ke
0
0
Comments
sign in to comment!
No comments posted yet!